 Dungeon Crawl Stone Soup version 0.25.1-2-g60ff931df9 (webtiles) character file.

Game seed: 12841078155760399372

764 IcyTea the Chiller (level 7, -9/55 HPs)
             Began as a Yellow Draconian Ice Elementalist on Oct 15, 2020.
             Mangled by Pikel
             ... wielding a +1 whip of electrocution
              (20 damage)
             ... on level 3 of the Dungeon.
             The game lasted 00:16:46 (4382 turns).

IcyTea the Chiller (DrIE)                           Turns: 4382, Time: 00:16:47

Health: -9/55      AC: 13    Str: 10    XL:     7   Next: 51%
Magic:  0/13       EV: 12    Int: 18    God:
Gold:   162        SH:  0    Dex: 11    Spells: 6/14 levels left

rFire    + . .     SeeInvis .   f - +4 quarterstaff (chaos)
rCold    . . .     Gourm    .   (shield currently unavailable)
rNeg     . . .     Faith    .   (armour unavailable)
rPois    .         Spirit   .   (helmet restricted)
rElec    .         Reflect  .   s - +1 cloak
rCorr    +         Harm     .   n - +0 pair of gloves
MR       .....                  (no boots)
Stlth    ++........             (no amulet)
HPRegen  0.18/turn              m - ring of wizardry
MPRegen  0.13/turn              v - +4 ring of protection

@: very slightly contaminated
A: spit acid, unfitting armour, fire resistance 1, robust 1, wild magic 1,
cold-blooded, acid resistance, AC +6
a: Breathe Acid


You were on level 3 of the Dungeon.
You were very hungry.

You visited 1 branch of the dungeon, and saw 4 of its levels.

You collected 162 gold pieces.

Inventory:

Hand Weapons
 f - a +4 quarterstaff of chaos (weapon)
 l - a +1 flail of protection
Missiles
 a - 36 arrows
 q - 15 poisoned darts (quivered)
Armour
 n - a +0 pair of gloves (worn)
 s - a +1 cloak (worn)
Jewellery
 m - a ring of wizardry (left hand)
 v - a +4 ring of protection (right hand)
Scrolls
 e - 2 scrolls of amnesia {unknown}
 g - a scroll of identify
 h - a scroll of blinking
 i - a scroll of enchant weapon {unknown}
 k - a scroll of remove curse {unknown}
 o - a scroll of magic mapping {unknown}
 p - 3 scrolls of fog
Potions
 c - a potion of lignification
 d - a potion of mutation
 j - a potion of heal wounds
 w - a potion of brilliance
Comestibles
 b - 5 rations


   Skills:
 - Level 1.7 Dodging
 - Level 1.7 Stealth
 - Level 4.0 Spellcasting
 - Level 3.8 Conjurations
 - Level 1.4 Charms
 + Level 7.1 Ice Magic


You had 6 spell levels left.
You knew the following spells:

 Your Spells              Type           Power        Failure   Level  Hunger
a - Freeze                Ice            ####         1%          1    None
b - Ozocubu's Armour      Chrm/Ice       ###.....     4%          3    ###....
c - Hailstorm             Conj/Ice       ####....     9%          4    ####...

Your spell library contained the following spells:

 Spells                   Type           Power        Failure   Level  Hunger
 Frozen Ramparts          Ice            #####.       1%          3    ###....
 Summon Ice Beast         Ice/Summ       ###.....     17%         4    ####...


Dungeon Overview and Level Annotations

Branches:
Dungeon (4/15)
 Temple: D:4-7

Altars:

Annotations:
D:3 Pikel


Innate Abilities, Weirdness & Mutations

You can spit globs of acid.
Your golden yellow scales are hard. (AC +6)
You cannot fit into any form of body armour.
You are cold-blooded and may be slowed by cold attacks.
You are resistant to acid. (rCorr)
Your flesh is heat resistant. (rF+)
You are robust. (+10% HP)
Your spells are a little harder to cast, but a little more powerful.


Message History

The slave is severely wounded.
You are feeling very hungry.
The slave misses you. The slave hits you.
You see here a +0 club.
You see here a pair of gloves.
Casting: Hailstorm (dangerous; 9% risk of failure)
Confirm with . or Enter, or press ? or * to list all spells.
Okay, then.
Casting: Hailstorm (dangerous; 9% risk of failure)
Confirm with . or Enter, or press ? or * to list all spells.
You miscast Hailstorm.
You are very lightly contaminated with residual magic.
A chill runs through your body.
You sock Pikel!
Pikel flickers and vanishes!
Deactivating autopickup; reactivate with Ctrl-A.
Something hits you.
You are electrocuted!
* * * LOW HITPOINT WARNING * * *
Something hits you but does no damage.
You are electrocuted!!
You die...

##.#.#...# ##.#.#.#.####
##.##.##.########........)...
#................#.#.#.#.####
#..##.##.##.####......##.####
#.#.#.#.###.# #..#.#.#.....).
#.##...## #.# #.#.....##..###
#.###.## #.###.##.#.#.[..# #
#.# #.#####.##........###.# #
#.# #.......@{pp.#.#.## #.# #
#.############........# #.###
#...............##.#.## #.##.
######.##########.....# #...#
#.# ##.#.## #.)#. #.#
#.##..###..## #.#
####.##.......## #.#
###....###.###.###
#.#####..........# #.#


You could see 2 slaves.

Vanquished Creatures
  Grinder (D:3)
  Sigmund (D:3)
  An ogre (D:4)
  2 slaves
  Crazy Yiuf (D:2)
  An orc priest (D:4)
  An iguana (D:3)
  Terence (D:3)
  2 orc wizards (D:4)
  Robin (D:3)
  6 adders
  2 oozes
  2 worms
  2 dart slugs
  A leopard gecko (D:2)
  2 orcs
  A ball python (D:3)
  6 giant cockroaches
  18 goblins
  10 hobgoblins
  8 jackals
  5 kobolds
  A quokka (D:2)
  7 bats
  A frilled lizard (D:2)
  4 rats
88 creatures vanquished.

Notes
Turn   | Place    | Note
-------+----------+-------------------------------------------
     0 | D:1      | IcyTea the Draconian Ice Elementalist began the quest for
                  | the Orb.
     0 | D:1      | Reached XP level 1. HP: 14/14 MP: 3/3
   527 | D:1      | Reached XP level 2. HP: 20/20 MP: 5/5
  1309 | D:2      | Reached skill level 5 in Ice Magic
  1309 | D:2      | Reached XP level 3. HP: 21/26 MP: 0/6
  1424 | D:2      | Learned a level 3 spell: Ozocubu's Armour
  1477 | D:2      | Gained mutation: Your flesh is heat resistant. (rF+)
                  | [potion of mutation]
  1477 | D:2      | Gained mutation: You are robust. (+10% HP) [potion of
                  | mutation]
  1477 | D:2      | Gained mutation: Your spells are a little harder to cast,
                  | but a little more powerful. [potion of mutation]
  1933 | D:2      | Reached skill level 1 in Charms
  2029 | D:2      | Reached XP level 4. HP: 36/36 MP: 3/7
  2176 | D:2      | Found a runed translucent door.
  2177 | D:2      | Noticed Crazy Yiuf
  2187 | D:2      | Killed Crazy Yiuf
  2602 | D:3      | Noticed Terence
  2613 | D:3      | Killed Terence
  2613 | D:3      | Reached skill level 6 in Ice Magic
  2613 | D:3      | Reached XP level 5. HP: 15/41 MP: 8/8
  2840 | D:3      | Found a faded altar of an unknown god.
  2882 | D:3      | Learned a level 4 spell: Hailstorm
  3053 | D:3      | Noticed Grinder
  3075 | D:3      | Killed Grinder
  3075 | D:3      | Reached XP level 6. HP: 40/49 MP: 5/9
  3727 | D:3      | Noticed Sigmund
  3781 | D:3      | Killed Sigmund
  3781 | D:3      | Your scales start taking on a golden yellow colour.
  3781 | D:3      | Reached XP level 7. HP: 55/55 MP: 9/12
  3781 | D:3      | Gained mutation: You are resistant to acid. (rCorr) [Yellow
                  | Draconian growth]
  3901 | D:4      | Noticed Robin
  3976 | D:3      | Killed Robin
  4073 | D:4      | Reached skill level 7 in Ice Magic
  4074 | D:4      | Noticed Pikel
  4382 | D:3      | Mangled by Pikel

Illustrated notes

Levels and vault maps discovered:
D:1:      evilmike_arrival_grusome_pit, layout_loops_ring
D:2:      layout_basic, serial_forest, infiniplex_forest_lined_3,
          infiniplex_forest_clump_diagonal, infiniplex_forest_lined_2,
          infiniplex_forest_lined_room_, infiniplex_forest_clump_small,
          infiniplex_forest_clump_small, infiniplex_forest_straight_4,
          uniq_crazy_yiuf_cottage
D:3:      layout_loops_ring, chequers_ecumenical_altar_island,
          chequers_serial_rivers_room_b, st_stairs_13, bh_walls_and_bars,
          uniq_grinder, uniq_terence, uniq_sigmund
D:4:      layout_basic, first_ration, uniq_pikel, uniq_robin, uniq_duvessa

Skill      XL: |  1  2  3  4  5  6  7 |
---------------+----------------------+-----
Ice Magic      | 5 6 7 |  7.1
Charms         | 1 |  1.4
Conjurations   | 3 |  3.8
Spellcasting   | 3 4 |  4.0
Dodging        | |  1.7
Stealth        | |  1.7

Action                   |  1- 3 |  4- 6 |  7- 9 || total
-------------------------+-------+-------+-------++-------
Melee: Club              |    20 |       |       ||    20
       Dagger            |    11 |       |       ||    11
       Tailslap          |    10 |     3 |     3 ||    16
       Flail             |    46 |     1 |       ||    47
       Mace              |     5 |       |       ||     5
       Quarterstaff      |       |    77 |    67 ||   144
Throw: Dart              |       |     1 |       ||     1
 Cast: Freeze            |    25 |     8 |       ||    33
       Hailstorm         |       |     3 |     5 ||     8
 Abil: Breathe Acid      |       |       |     1 ||     1
  Use: Scroll            |     4 |       |     1 ||     5
       Potion            |     2 |     4 |     2 ||     8
 Stab: Sleeping          |     2 |     1 |       ||     3
  Eat: Chunk             |     4 |     5 |     3 ||    12
Armor: Skin              |    43 |    21 |    49 ||   113
Dodge: Dodged            |    75 |    46 |    72 ||   193
